[Event "*** Titled Tuesday 3|2 Blitz"]
[Site "Chess.com"]
[Date "2016.06.07"]
[Round "2"]
[White "cheese111"]
[Black "Quiet_Desperation"]
[Result "1-0"]
[WhiteElo "2305"]
[BlackElo "2304"]
[TimeControl "180+2"]
[EndTime "17:17:42 PDT"]
[Termination "cheese111 won by resignation"]

1. e4 Nc6 2. Nf3 d6 3. d4 Nf6 4. Nc3 d5 5. e5 Ne4 6. Bd3 Nxc3 7.
bxc3 e6 8. O-O Be7 9. Re1 O-O 10. h4 Bxh4 11. Nxh4 Qxh4 12. Re3 g6 13. Rh3 Qe7 14. Bh6 Re8 15. Qf3 Nb8 16. Qf4 Nd7 17. Bg7 g5 18. Qh2 Nf8 19. Bf6 Qd7 1-0

[Event "*** Titled Tuesday 3|2 Blitz"]
[Site "Chess.com"]
[Date "2016.06.07"]
[Round "2"]
[White "AlexanderL"]
[Black "1stSecond"]
[Result "1/2-1/2"]
[WhiteElo "2589"]
[BlackElo "2605"]
[TimeControl "180+2"]
[EndTime "17:18:23 PDT"]
[Termination "Game drawn by repetition"]

1. d4 Nf6 2. c4 c5 3. d5 e6 4. Nc3 exd5 5. cxd5 d6 6. Nf3 g6 7. Bf4 a6 8. a4 Bg7 9. h3 O-O 10. e3 Ne8 11. Be2 Nd7 12. O-O Rb8 13. e4 Qe7 14.
Re1 Nc7 15. Bf1 Ne5 16. Nxe5 Bxe5 17. Bxe5 Qxe5 18. Qd2 g5 19. Nd1 b5 20. axb5 Nxb5 21. Bxb5 Rxb5 22. Ra3 h6 23. Rg3 Kh7 24. Nc3 Rb4 25.
Rf1 Qd4 26. Qc1 Bd7 27. Kh2 Qe5 28. f4 gxf4 29. Rxf4 Rxb2 30. Rh4 Qf6 31. Rf4 Qe5 32.
Rh4 Qf6 33. Rf4 Qe5 34. Rh4 Qf6 1/2-1/2

[Event "*** Titled Tuesday 3|2 Blitz"]
[Site "Chess.com"]
[Date "2016.06.07"]
[Round "2"]
[White "1random"]
[Black "Kawhi_Leonard2"]
[Result "1-0"]
[WhiteElo "2125"]
[BlackElo "2034"]
[TimeControl "180+2"]
[EndTime "17:18:41 PDT"]
[Termination "1random won by resignation"]

1. e4 c5 2. Nf3 d6 3. d4 cxd4 4.
Nxd4 Nf6 5. Nc3 g6 6. Be3 Bg7 7. f3 O-O 8. Qd2 Nc6 9. O-O-O d5 10. Kb1 Nxd4 11. e5 Nf5 12. exf6 exf6 13. Bc5 d4 14. Bxf8 Qxf8 15. Nb5 Ne3 16. Rc1 f5 17. Nxd4 f4 18. g3 Qc5 19. c3 Bf5+ 20. Nxf5 Qxf5+ 21. Bd3 Qf6 22. gxf4 Nd5 23. f5 g5 24. Be4 Nf4 25. h4 h6 26. hxg5 hxg5 27. Rcd1 Rb8 28. Qd6 b5 29.
Qxb8+ 1-0

[Event "*** Titled Tuesday 3|2 Blitz"]
[Site "Chess.com"]
[Date "2016.06.07"]
[Round "2"]
[White "yopino"]
[Black "TheLancer"]
[Result "1-0"]
[WhiteElo "2250"]
[BlackElo "2439"]
[TimeControl "180+2"]
[EndTime "17:19:09 PDT"]
[Termination "yopino won by resignation"]

1. e4 c5 2. Nc3 g6 3. Nf3 Bg7 4.
d4 cxd4 5. Nxd4 Nc6 6. Be3 Nf6 7. Bc4 O-O 8. Bb3 a5 9. f3 d5 10. exd5 Nb4 11. Nde2 a4 12. Nxa4 Nfxd5 13. Bf2 Bf5 14. O-O Rc8 15. c4 Nf6 16. Qxd8 Rcxd8 17. Rad1 Nd3 18.
Be3 Nd7 19. g4 Bxg4 20. fxg4 N7e5 21. g5 Ng4 22. Bb6 Rd6 23. c5 Rd7 24. Nac3 Rc8 25. Bxf7+ Kh8 26. Be6 Nxc5 27. Bxd7 1-0

[Event "*** Titled Tuesday 3|2 Blitz"]
[Site "Chess.com"]
[Date "2016.06.07"]
[Round "2"]
[White "hangemhigh"]
[Black "oskariot"]
[Result "0-1"]
[WhiteElo "2212"]
[BlackElo "2411"]
[TimeControl "180+2"]
[EndTime "17:19:15 PDT"]
[Termination "oskariot won by checkmate"]

1. d4 Nf6 2. Nf3 g6 3. Bf4 c5 4. d5 Bg7 5. Nc3 O-O 6. Qd2 b5 7. Nxb5 Qb6 8. Nc3 Qxb2 9. Rb1 Qa3 10. Rxb8 Rxb8 11. Bxb8 Ba6 12. Be5 d6 13. Bxf6 Bxf6 14. Nd1 Rb8 15. g3 Rb1 16. Qe3 Bc3+ 17. Nd2 Qc1 18.
Qxc3 Qxd1# 0-1

[Event "*** Titled Tuesday 3|2 Blitz"]
[Site "Chess.com"]
[Date "2016.06.07"]
[Round "2"]
[White "Boryboy"]
[Black "Bigfish1995"]
[Result "1-0"]
[WhiteElo "2548"]
[BlackElo "2603"]
[TimeControl "180+2"]
[EndTime "17:19:35 PDT"]
[Termination "Boryboy won by resignation"]

1. d4 Nf6 2. Nf3 e6 3. g3 b6 4. Bg2 Bb7 5. c4 Be7 6. O-O O-O 7. d5 exd5 8. Nh4 c6 9. cxd5 Nxd5 10. Nf5 Nc7 11. e4 Nba6 12. Nc3 d5 13. exd5 cxd5 14. Bf4 Bf6 15. Rc1 Qd7 16. Bh3 Kh8 17. Ne4 Bxb2 18. Rc2 Ba3 19. Ng5 Ne6 20. Nxg7 Qe7 21. N7xe6 fxe6 22. Be5+ Rf6 23. Qh5 Rf8 24. Nxe6 Rf7 25. Nf4 Bd6 26.
Ng6+ 1-0

[Event "*** Titled Tuesday 3|2 Blitz"]
[Site "Chess.com"]
[Date "2016.06.07"]
[Round "2"]
[White "attack2mateU"]
[Black "Aguiar94"]
[Result "0-1"]
[WhiteElo "2440"]
[BlackElo "2344"]
[TimeControl "180+2"]
[EndTime "17:19:35 PDT"]
[Termination "Aguiar94 won by resignation"]

1. e4 c5 2. Nf3 e6 3. d4 cxd4 4. Nxd4 Nc6 5. Nc3 Qc7 6. Be3 a6 7. Qd2 Nf6 8. f3 Be7 9. g4 b5 10. g5 Nh5 11. Nce2 O-O 12. O-O-O Rd8 13. Ng3 Nxd4 14. Qxd4 Nf4 15. h4 e5 16. Bxf4 exf4 17.
Nf5 Bf8 18. Rg1 d5 19. Nh6+ Kh8 20. exd5 Be6 21. Bd3 Bxd5 22. Qf2 gxh6 23. gxh6 Qe5 24. Rg5 Qe3+ 25. Qxe3 fxe3 26. Rdg1 Bxh6 27. Rh5 Rd6 0-1

[Event "*** Titled Tuesday 3|2 Blitz"]
[Site "Chess.com"]
[Date "2016.06.07"]
[Round "2"]
[White "pKiLz5Rn9b"]
[Black "aripov96"]
[Result "1-0"]
[WhiteElo "2452"]
[BlackElo "2255"]
[TimeControl "180+2"]
[EndTime "17:19:36 PDT"]
[Termination "pKiLz5Rn9b won by checkmate"]

1. e4 c5 2. c3 g6 3. d4 cxd4 4. cxd4 d5 5. e5 Bg7 6. Nc3 Nc6 7. h3 Nh6 8. g4 O-O 9. Bg2 e6 10. Be3 Kh8 11. Qd2 Ng8 12. h4 f6 13. exf6 Qxf6 14.
Nf3 e5 15. Nxd5 Qf7 16. Ng5 Qd7 17. h5 exd4 18. Bf4 gxh5 19. Rxh5 h6 20. O-O-O Qxg4 21. Bf3 Qd7 22. Rdh1 Rxf4 23. Nxf4 Ne5 24. Be4 Qc7+ 25.
Kb1 Bg4 26. R5h4 Bd7 27. Nge6 Bxe6 28. Nxe6 Qd6 29. Nxg7 Kxg7 30. Rg1+ Kh8 31. Qf4 Rf8 32. Qg3 d3 33. Qg7# 1-0

[Event "*** Titled Tuesday 3|2 Blitz"]
[Site "Chess.com"]
[Date "2016.06.07"]
[Round "2"]
[White "rdclayton"]
[Black "FearlessKing64"]
[Result "1-0"]
[WhiteElo "2084"]
[BlackElo "2104"]
[TimeControl "180+2"]
[EndTime "17:19:37 PDT"]
[Termination "rdclayton won by checkmate"]

1. d4 Nf6 2. c4 g6 3. Nc3 d5 4.
Nf3 Bg7 5. Bf4 O-O 6. e3 c5 7. dxc5 Qa5 8. Rc1 dxc4 9. Qa4 Qxc5 10. Bxc4 Nc6 11. Qb5 Qh5 12. O-O a6 13. Qb6 e5 14.
Bg3 e4 15. Nd2 Re8 16. Qb3 g5 17. Nd5 Na5 18. Nxf6+ Bxf6 19. Qa4 Nxc4 20. Qxe8+ Kg7 21. Nxc4 b5 22. Be5 bxc4 23. Bxf6+ Kxf6 24. Qc6+ Be6 25. Qxa8 g4 26. Qh8+ Ke7 27. Rfd1 f5 28. Qd8+ Kf7 29. Rd7+ Bxd7 30. Qxd7+ Kf6 31. Rxc4 g3 32. Rc6+ Kg5 33. Qg7+ Kh4 34. Qxg3# 1-0

[Event "*** Titled Tuesday 3|2 Blitz"]
[Site "Chess.com"]
[Date "2016.06.07"]
[Round "2"]
[White "sandropozo"]
[Black "Newlight1"]
[Result "1-0"]
[WhiteElo "2410"]
[BlackElo "2180"]
[TimeControl "180+2"]
[EndTime "17:19:54 PDT"]
[Termination "sandropozo won by resignation"]

1. d4 Nf6 2. Nf3 c5 3. d5 e6 4. c4 exd5 5. cxd5 d6 6. Nc3 g6 7.
Bf4 Bg7 8. e3 O-O 9. h3 a6 10. a4 Qa5 11. Nd2 Rd8 12. Be2 Qc7 13. O-O Nbd7 14. Nc4 Nb6 15. Na3 Bf5 16. a5 Nbd7 17. Nc4 Ne5 18. Nb6 Rab8 19. f3 Nfd7 20. e4 g5 21. Bxe5 Bxe5 22. exf5 Nxb6 23. axb6 Qxb6 24.
Ne4 h6 25. Kh1 Qxb2 26. Rb1 Qa3 27. h4 gxh4 28. f4 Bd4 29. Rb3 Qa2 30. Bc4 Qa5 31.
Qh5 b5 32. f6 Bxf6 33. Nxf6+ Kg7 34. Ng4 Rh8 35. Qxh4 bxc4 36. Qf6+ Kg8 37. Rxb8+ 1-0

[Event "*** Titled Tuesday 3|2 Blitz"]
[Site "Chess.com"]
[Date "2016.06.07"]
[Round "2"]
[White "Fandorine"]
[Black "MaestroASK"]
[Result "1-0"]
[WhiteElo "2601"]
[BlackElo "2446"]
[TimeControl "180+2"]
[EndTime "17:19:56 PDT"]
[Termination "Fandorine won by resignation"]

1. e4 d6 2. d4 g6 3. Nc3 c6 4. h3 e5 5. g4 Bh6 6. Bxh6 Nxh6 7. Qd2 Ng8 8. O-O-O Qe7 9. f4 Nd7 10. Nf3 Ngf6 11.
f5 h5 12. g5 Nh7 13. f6 Qd8 14. dxe5 dxe5 15. Nxe5 Qc7 16. Nc4 O-O 17. h4 Ne5 18. Qd6 Qxd6 19. Rxd6 Nxc4 20. Bxc4 Re8 21. a4 a5 22. Rhd1 Bg4 23. R1d4 Nf8 24. b3 Re5 25. Rd8 Re8 26. Rxa8 Rxa8 27. e5 Re8 28. Ne4 Rxe5 29.
Nd6 Be6 30. Nxb7 Bxc4 31. Rxc4 Ne6 32. Rxc6 Nd4 33. Rc8+ Kh7 34. Rc7 Kg8 35. Nd6 Re1+ 36. Kb2 Nf5 37. Nxf7 Nxh4 38. Nh6+ Kh8 39. Rc8+ Kh7 40.
f7 1-0

[Event "*** Titled Tuesday 3|2 Blitz"]
[Site "Chess.com"]
[Date "2016.06.07"]
[Round "2"]
[White "gmjoey1"]
[Black "howitzer14"]
[Result "1-0"]
[WhiteElo "2522"]
[BlackElo "2677"]
[TimeControl "180+2"]
[EndTime "17:20:03 PDT"]
[Termination "gmjoey1 won by resignation"]

1. e4 e5 2. Nf3 Nc6 3. Nc3 Nf6 4. Bb5 Bc5 5. Nxe5 Nxe5 6. d4 Bd6 7. f4 Nc6 8. e5 Bb4 9. O-O Bxc3 10. bxc3 Ne4 11.
Qf3 d5 12. f5 O-O 13. f6 gxf6 14.
exf6 Qd7 15. h3 Kh8 16. Bh6 Rg8 17. Bg7+ Rxg7 18. fxg7+ Kxg7 19. Bd3 f5 20. Bxe4 dxe4 21. Qg3+ Kh8 22. Rae1 Qg7 23. Qh4 Bd7 24. g4 fxg4 25.
Kh2 Re8 26. Re3 Na5 27. Rf4 Nc4 28. Rexe4 Rxe4 29. Rxe4 Nd2 30. Qd8+ Qg8 31. Qf6+ Qg7 32.
Qxg7+ Kxg7 33. Re7+ Kf6 34. Rxd7 Nf1+ 35. Kg1 Ne3 36.
hxg4 c6 37. Rxh7 b5 38. Rxa7 Nd5 39. Ra6 Kg5 40. Rxc6 Kxg4 41. Rc5 1-0

[Event "*** Titled Tuesday 3|2 Blitz"]
[Site "Chess.com"]
[Date "2016.06.07"]
[Round "2"]
[White "Danirod"]
[Black "GMKrikor"]
[Result "1-0"]
[WhiteElo "2436"]
[BlackElo "2513"]
[TimeControl "180+2"]
[EndTime "17:20:03 PDT"]
[Termination "Danirod won by resignation"]

1. e4 c5 2. Nf3 d6 3. d4 cxd4 4. Nxd4 Nf6 5. Nc3 a6 6. Be3 e6 7. g4 h6 8. f3 b5 9. Qd2 b4 10.
Nce2 e5 11. Nf5 d5 12. O-O-O Be6 13. Kb1 Nc6 14. Neg3 Qa5 15. b3 Rd8 16. Bd3 g6 17.
Nxh6 dxe4 18. Nxe4 Nd5 19. a4 Nxe3 20. Qxe3 Bxh6 21.
g5 Bg7 22. h4 Nd4 23. Nf6+ Bxf6 24. gxf6 Qc7 25. Rde1 Rh5 26. Rhg1 Kf8 27. Rg5 Rxh4 28.
Rxe5 a5 29. Re4 Rh2 30. Rxd4 Rc8 31. Bc4 Re8 32. Qd3 Bxc4 33. Rxe8+ Kxe8 34. Rxc4 Qd7 35. Re4+ 1-0

[Event "*** Titled Tuesday 3|2 Blitz"]
[Site "Chess.com"]
[Date "2016.06.07"]
[Round "2"]
[White "Cruel_Yaro"]
[Black "dretch"]
[Result "0-1"]
[WhiteElo "2545"]
[BlackElo "2618"]
[TimeControl "180+2"]
[EndTime "17:20:28 PDT"]
[Termination "dretch won by resignation"]

1. d4 d5 2. c4 c6 3. Nf3 Nf6 4. Nc3 dxc4 5. a4 e6 6. e4 Bb4 7.
e5 Nd5 8. Bd2 b5 9. axb5 Bxc3 10. bxc3 cxb5 11. Ng5 h6 12. Qh5 O-O 13. Ne4 f6 14.
Nd6 fxe5 15. Nxb5 Qf6 16. f3 Nc6 17. Bxc4 exd4 18. Bxd5 exd5 19. Qxd5+ Kh8 20. O-O Rd8 21. Qc5 d3 22. Rfe1 Qg6 23. Nc7 Bh3 24. Qf2 Rac8 25.
Nb5 a5 26. Nd4 Nxd4 27. cxd4 Rc2 28. Red1 Re8 29. Qg3 Bf5 30. Qxg6 Bxg6 31. Rxa5 Re2 32. Bf4 Rxg2+ 33. Kh1 Rge2 34. d5 Bh5 35. Rf1 Bxf3+ 0-1

[Event "*** Titled Tuesday 3|2 Blitz"]
[Site "Chess.com"]
[Date "2016.06.07"]
[Round "2"]
[White "Yaacovn"]
[Black "JustaTrickstar"]
[Result "1-0"]
[WhiteElo "2618"]
[BlackElo "2464"]
[TimeControl "180+2"]
[EndTime "17:20:29 PDT"]
[Termination "Yaacovn won on time"]

1. d4 d5 2. Nf3 c6 3. c4 Nf6 4. cxd5 Qxd5 5. Nc3 Qa5 6. Bd2 Bg4 7. Ne5 Bf5 8. e4 Bg6 9. h4 Qc7 10. Bc4 e6 11. Qe2 Bb4 12. f3 Nbd7 13. Bf4 Qa5 14. Rc1 Nf8 15. g4 h6 16. Bd2 Qc7 17. Nb5 Bxd2+ 18. Qxd2 Qe7 19. Qa5 b6 20. Qa4 cxb5 21. Bxb5+ N8d7 22. Rc7 O-O 23. Bxd7 Nxd7 24. Rxd7 Qf6 25.
Ke2 Rac8 26. Qd1 Qf4 27. Qd2 Qxf3+ 28. Kxf3 1-0

[Event "*** Titled Tuesday 3|2 Blitz"]
[Site "Chess.com"]
[Date "2016.06.07"]
[Round "2"]
[White "champ1000"]
[Black "UltimateCrusher2"]
[Result "1-0"]
[WhiteElo "2043"]
[BlackElo "2098"]
[TimeControl "180+2"]
[EndTime "17:20:31 PDT"]
[Termination "champ1000 won by resignation"]

1. e4 b6 2. d4 Bb7 3. Bd3 e6 4. Nc3 Nf6 5. Qe2 d5 6. e5 Nfd7 7. b3 c5 8. dxc5 Bxc5 9. Nf3 Nc6 10. O-O Nd4 11. Nxd4 Bxd4 12. Nb5 Bxe5 13. Ba3 Ba6 14. Rae1 Qb8 15. f4 Bxb5 16. Bxb5 Bd4+ 17. Kh1 a6 18. Bd3 Bc5 19. Bb2 O-O 20. Qg4 g6 21. f5 e5 22. fxg6 hxg6 23. Qxd7 e4 24. Be2 Ra7 25.
Qh3 f6 26. Qe6+ Raf7 27. Rxf6 Qd8 28. Rxg6+ Kh7 29. Rh6+ 1-0

[Event "*** Titled Tuesday 3|2 Blitz"]
[Site "Chess.com"]
[Date "2016.06.07"]
[Round "2"]
[White "silverback96"]
[Black "BCNUM8"]
[Result "0-1"]
[WhiteElo "2034"]
[BlackElo "2130"]
[TimeControl "180+2"]
[EndTime "17:20:31 PDT"]
[Termination "BCNUM8 won by resignation"]

1. Nf3 Nc6 2. g3 e5 3. e4 Nf6 4. Nc3 Bb4 5. Bg2 Bxc3 6. bxc3 Nxe4 7. Qe2 d5 8. O-O O-O 9. Ba3 Re8 10. Rab1 Nd6 11. h4 Bg4 12. Qe3 Qf6 13. Bxd6 Qxd6 14. Rxb7 Na5 15. Rb5 Nc4 16. Qg5 Bd7 17. Rb4 h6 18.
Qh5 e4 19. Nd4 c5 20. Nb5 Bxb5 21. Rxb5 Nxd2 22. Rd1 Qc6 23. a4 a6 24. Rb2 Nc4 25. Ra2 Re5 26. Qg4 Rae8 27. Raa1 f5 28. Qh5 e3 29. Rxd5 Rxd5 30. Bxd5+ Qxd5 31. Qxe8+ Kh7 32. fxe3 Qf3 33. Qb8 Nxe3 0-1

[Event "*** Titled Tuesday 3|2 Blitz"]
[Site "Chess.com"]
[Date "2016.06.07"]
[Round "2"]
[White "Andrejkin"]
[Black "Durarbayli"]
[Result "0-1"]
[WhiteElo "2160"]
[BlackElo "2352"]
[TimeControl "180+2"]
[EndTime "17:20:34 PDT"]
[Termination "Durarbayli won by resignation"]

1. d4 Nf6 2. c4 e6 3. Nf3 b6 4.
g3 Bb7 5. Bg2 Bb4+ 6. Bd2 a5 7.
O-O O-O 8. a3 Be7 9. Nc3 d5 10.
Ne5 c6 11. cxd5 cxd5 12. Rc1 Nfd7 13. Nf3 Nc6 14. e3 Rc8 15. Qe2 Ndb8 16. Rfd1 Ba6 17.
Qe1 b5 18. Bf1 b4 19. Na4 Bxf1 20. Qxf1 bxa3 21. bxa3 Bxa3 22. Rb1 Bb4 23. Nc5 Nd7 24. Nxd7 Qxd7 25. Bxb4 Nxb4 26. Ne5 Qb7 27. Qe2 f6 28. Nd3 Rc4 29. Nc5 Qc6 30. Rdc1 Rxc1+ 31. Rxc1 Ra8 32.
Ra1 e5 33. h4 e4 34. h5 h6 35. Qg4 Qd6 36. Qe2 Qb6 37. Qg4 Qd6 38. Qe2 f5 39.
Qb5 Qc6 40. Qa4 Qxa4 41. Rxa4 Nc6 42. Kf1 Rb8 43. Kg2 Kf7 44. Kh3 Ke7 45. g4 fxg4+ 46. Kxg4 Kd6 47. Kf5 Ne7+ 48. Kg4 Nc6 49. Kf5 Rf8+ 50.
Kg6 Rxf2 51. Kxg7 Rf3 52. Kxh6 Rxe3 53. Kg7 Rg3+ 54. Kf6 e3 55. h6 e2 56. Ra1 Nxd4 57. Nb7+ Kc7 58. Nxa5 Rh3 59. Kg6 Kb6 60. h7 Nc2 61. Rc1 Kxa5 62. Kg7 Rxh7+ 63. Kxh7 e1=Q 64. Rxe1 Nxe1 65. Kg6 d4 66. Kf5 d3 67. Ke4 d2 0-1

[Event "*** Titled Tuesday 3|2 Blitz"]
[Site "Chess.com"]
[Date "2016.06.07"]
[Round "2"]
[White "evgenyermolaev"]
[Black "Abrito99"]
[Result "1-0"]
[WhiteElo "2275"]
[BlackElo "2342"]
[TimeControl "180+2"]
[EndTime "17:20:41 PDT"]
[Termination "evgenyermolaev won on time"]

1. e4 e6 2. Nc3 d5 3. Nf3 Nf6 4. e5 Nfd7 5. d4 c5 6. dxc5 Nc6 7.
Bf4 Nxc5 8. Be2 Be7 9. O-O a6 10. Nd4 f5 11. exf6 Bxf6 12. Be3 Nxd4 13. Bxd4 Nd7 14.
Bg4 Bxd4 15. Qxd4 Qf6 16. Qd2 Ne5 17. Bh3 O-O 18. Rae1 Nc4 19. Qe2 Nxb2 20. Bxe6+ Bxe6 21. Qxe6+ Qxe6 22. Rxe6 Rac8 23. Nxd5 Rxc2 24. Ne3 Re2 25. Rb6 Nd3 26. Rxb7 Nxf2 27. Nd5 Ng4 28. Ne7+ 1-0

[Event "*** Titled Tuesday 3|2 Blitz"]
[Site "Chess.com"]
[Date "2016.06.07"]
[Round "2"]
[White "FabianEnglert"]
[Black "IIIlllII1llIl"]
[Result "0-1"]
[WhiteElo "2369"]
[BlackElo "2438"]
[TimeControl "180+2"]
[EndTime "17:20:45 PDT"]
[Termination "IIIlllII1llIl won by resignation"]

1. Nf3 Nf6 2. g3 d5 3. Bg2 e6 4.
O-O Be7 5. c4 O-O 6. b3 b6 7. e3 Bb7 8. Bb2 c5 9. Qe2 Nc6 10. cxd5 exd5 11. d4 Nb4 12. Nc3 Ne4 13. Rfd1 Ba6 14. Nb5 Nd6 15. a4 Qe8 16. Bf1 c4 17.
Nc7 Qc8 18. Nxa8 Qxa8 19. Qd2 Ne4 20. Qc1 c3 21. Ba3 Bxf1 22. Kxf1 c2 23. Re1 Nd3 24. Qxc2 Nxe1 25. Nxe1 Rc8 26. Qe2 Bxa3 27. Rxa3 Rc1 28. Kg2 Qc8 29. Nd3 Rc2 30. Qf3 Qc3 31. Qf4 h6 0-1

[Event "*** Titled Tuesday 3|2 Blitz"]
[Site "Chess.com"]
[Date "2016.06.07"]
[Round "2"]
[White "Evgeny_Levin"]
[Black "aspired"]
[Result "1-0"]
[WhiteElo "2731"]
[BlackElo "2491"]
[TimeControl "180+2"]
[EndTime "17:20:51 PDT"]
[Termination "Evgeny_Levin won on time"]

1. d4 d5 2. c4 dxc4 3. Nf3 Nf6 4. e3 e6 5. Bxc4 c5 6. O-O a6 7. Nc3 b5 8. Be2 cxd4 9. Nxd4 Bb7 10. Bf3 Ra7 11.
Bxb7 Rxb7 12. Qf3 Rd7 13. Nc6 Nxc6 14. Qxc6 b4 15. Na4 Qc7 16. Qxa6 Bd6 17. h3 O-O 18. b3 Bh2+ 19. Kh1 Be5 20. Bb2 Rd2 21. Rac1 Qb8 22. Bxe5 Qxe5 23. Rc5 Nd5 24. Qc4 h6 25. Kg1 Qf6 26. Rc8 Rxc8 27. Qxc8+ Kh7 28. Qc1 Re2 29. Qd1 1-0

[Event "*** Titled Tuesday 3|2 Blitz"]
[Site "Chess.com"]
[Date "2016.06.07"]
[Round "2"]
[White "GianmarcoVaR"]
[Black "andretta"]
[Result "1-0"]
[WhiteElo "2325"]
[BlackElo "2153"]
[TimeControl "180+2"]
[EndTime "17:20:53 PDT"]
[Termination "GianmarcoVaR won by resignation"]

1. d4 e6 2. c4 d5 3. g3 Nf6 4. Nf3 Be7 5. Bg2 O-O 6. O-O Nbd7 7. Qc2 c6 8. Nbd2 b6 9. e4 Bb7 10. e5 Ne8 11. cxd5 cxd5 12. Re1 Rc8 13. Qb3 Qc7 14. Nf1 Qc2 15. Ne3 Qxb3 16. axb3 a5 17. Bd2 Nc7 18. Rec1 Na8 19. h4 Rxc1+ 20. Bxc1 Rc8 21. Bd2 Nb8 22. h5 h6 23. Bf1 Ba6 24. Bh3 Bb7 25. Ne1 Nc6 26.
N1c2 Nc7 27. Rc1 Nb4 28. Nxb4 axb4 29. Bf1 Na6 30. Ra1 Ra8 31. Nc2 Kf8 32. f4 Ke8 33.
Kf2 Kd7 34. Ke3 Kc7 35. Bd3 Kd7 36. Ke2 Kd8 37. Kf3 Kd7 38. g4 Ke8 39. g5 Bf8 40. gxh6 gxh6 41. f5 Nb8 42. Rxa8 Bxa8 43. f6 Bb7 44.
Nxb4 Nc6 45. Bb5 Kd7 46. Nc2 Kc7 47. b4 Nd8 48. Bd3 Bc6 49. b5 Be8 50. Ne3 Nb7 51.
Ng4 1-0

[Event "*** Titled Tuesday 3|2 Blitz"]
[Site "Chess.com"]
[Date "2016.06.07"]
[Round "2"]
[White "platy3"]
[Black "anon102030"]
[Result "1-0"]
[WhiteElo "2688"]
[BlackElo "2501"]
[TimeControl "180+2"]
[EndTime "17:20:57 PDT"]
[Termination "platy3 won by resignation"]

1. e4 e5 2. Nf3 Nc6 3. Bb5 Nge7 4.
c3 d6 5. d4 Bd7 6. O-O Ng6 7.
Re1 Be7 8. d5 Nb8 9. c4 O-O 10.
Nc3 f5 11. Bxd7 Nxd7 12. exf5 Rxf5 13. Be3 Nf4 14. Ne4 Qe8 15. Qa4 Nb6 16. Qxe8+ Rxe8 17. b3 Ref8 18. Nfd2 Nd7 19. f3 b6 20. b4 h5 21. a3 h4 22. h3 Nh5 23. Rac1 Nf4 24.
Rc3 Nf6 25. Nxf6+ Bxf6 26. Ne4 Bd8 27. Kh2 Kf7 28. Rd1 Ke8 29. c5 Kd7 30. a4 bxc5 31. bxc5 a5 32. Rb3 Rh8 33. Rb8 Rh6 34. c6+ Ke7 35. Rb7 Rg6 36. Rd2 Ke8 37. Ra7 Kf7 38. Rxa5 Nxg2 39. Rxg2 Rxf3 40. Rf2 Rxf2+ 41. Bxf2 Rh6 42.
Ra8 1-0

[Event "*** Titled Tuesday 3|2 Blitz"]
[Site "Chess.com"]
[Date "2016.06.07"]
[Round "2"]
[White "Dr-Bassem"]
[Black "Dlugy"]
[Result "0-1"]
[WhiteElo "2584"]
[BlackElo "2603"]
[TimeControl "180+2"]
[EndTime "17:21:22 PDT"]
[Termination "Dlugy won on time"]

1. e4 c5 2. Nf3 d6 3. g3 Nf6 4.
c3 g6 5. Bg2 Bg7 6. O-O O-O 7.
Re1 Bg4 8. h3 Bxf3 9. Bxf3 Nc6 10. d4 cxd4 11. cxd4 Nd7 12. Be3 e5 13. dxe5 dxe5 14. Nc3 Nd4 15. Bxd4 exd4 16. Nd5 Nb6 17. Nxb6 Qxb6 18. Qd2 Rad8 19. Rac1 d3 20. b3 h5 21. Kg2 Kh7 22. Rcd1 Bh6 23. Qb2 d2 24. Re2 h4 25. gxh4 Bf4 26. e5 Rd4 27. Qc2 Kg7 28.
Re4 Rfd8 29. e6 fxe6 30. h5 e5 31. Rxd4 Rxd4 32. hxg6 Rd6 33. Be4 Qd8 34. Qc3 Rd4 35. Bc2 Qd5+ 36. Qf3 e4 0-1

[Event "*** Titled Tuesday 3|2 Blitz"]
[Site "Chess.com"]
[Date "2016.06.07"]
[Round "2"]
[White "AleksandrKholin"]
[Black "chesstatour"]
[Result "1-0"]
[WhiteElo "2112"]
[BlackElo "2000"]
[TimeControl "180+2"]
[EndTime "17:21:22 PDT"]
[Termination "AleksandrKholin won by resignation"]

1. d4 Nf6 2. c4 e6 3. g3 d5 4.
Bg2 Be7 5. Nf3 O-O 6. O-O b6 7. Qc2 Bb7 8. Rd1 Nbd7 9. cxd5 exd5 10. Nc3 Rc8 11. Bf4 c6 12. Rac1 Re8 13. Bh3 h6 14. Ne5 Ra8 15. a3 b5 16. Nxd7 Nxd7 17.
e4 Nb6 18. Re1 dxe4 19. Nxe4 Nd5 20. Bd2 f5 21. Nc5 Bxc5 22. dxc5 Qf6 23. Bxf5 Rf8 24.
Be6+ Kh8 25. Ba5 Bc8 26. Bxc8 Raxc8 27. Re2 Qg5 28. h4 Qg4 29. Re4 Qf3 30. Qe2 Qxe2 31. Rxe2 Rfe8 32. Rce1 Rxe2 33. Rxe2 Rf8 34. Re6 Rf6 35.
Re8+ Kh7 36. Ra8 h5 37. Rxa7 Kg6 38. Bd2 Re6 39. Kf1 Ne7 40. Bc3 Nf5 41. Rc7 Kh6 42.
Bd2+ Kg6 43. Bc3 Kh6 44. b3 g5 45. Bd2 Kg6 46. Bxg5 Re5 47. Rxc6+ Kf7 48. a4 Nd4 49. Rf6+ Kg7 50. Rf4 Ne2 51. Bf6+ Kg6 52. Bxe5 Nxf4 53. Bxf4 1-0

[Event "*** Titled Tuesday 3|2 Blitz"]
[Site "Chess.com"]
[Date "2016.06.07"]
[Round "2"]
[White "djgwards"]
[Black "saraswathii"]
[Result "1-0"]
[WhiteElo "2082"]
[BlackElo "1961"]
[TimeControl "180+2"]
[EndTime "17:21:34 PDT"]
[Termination "djgwards won by checkmate"]

1. d4 Nc6 2. Nf3 d5 3. Bf4 Bf5 4. e3 f6 5. Bb5 Qd7 6. O-O e6 7. c4 Bd6 8. cxd5 exd5 9. Bg3 Nge7 10. Nc3 O-O 11. Rc1 Be6 12. Ne2 a6 13. Bd3 Bf5 14.
a3 Rfe8 15. Nh4 Bg4 16. Qc2 h6 17. Bh7+ Kh8 18. f3 Bh5 19. Bxd6 Qxd6 20. Nf4 Bf7 21.
Rce1 g5 22. Bg6 Bxg6 23. Nfxg6+ Nxg6 24. Qxg6 gxh4 25. Qxh6+ Kg8 26. e4 Re7 27. exd5 Nxd4 28.
Qg6+ Rg7 29. Re8+ Rxe8 30. Qxe8+ Qf8 31. Qe4 Qc5 32. Kh1 h3 33. gxh3 Rg5 34. h4 Rg7 35. h5 f5 36. Qe8+ Kh7 37. h6 Re7 38. Qf8 c6 39. Rg1 Nxf3 40. Qg8+ Kxh6 41. Qg6# 1-0

[Event "*** Titled Tuesday 3|2 Blitz"]
[Site "Chess.com"]
[Date "2016.06.07"]
[Round "2"]
[White "DarcyFitzgerald"]
[Black "AllStarShark"]
[Result "0-1"]
[WhiteElo "2284"]
[BlackElo "2148"]
[TimeControl "180+2"]
[EndTime "17:21:39 PDT"]
[Termination "AllStarShark won on time"]

1. Nf3 d5 2. c4 e6 3. g3 Nf6 4.
Bg2 Be7 5. O-O O-O 6. d4 c6 7.
b3 b6 8. Bb2 Ba6 9. Nbd2 Qc8 10. Rc1 Qb7 11. Re1 Nbd7 12. Qc2 Rac8 13. Qb1 b5 14.
Ne5 Nxe5 15. dxe5 Nd7 16. cxd5 cxd5 17. e4 Nb6 18. Rxc8 Rxc8 19. Rc1 Rxc1+ 20. Qxc1 Qc8 21. Qxc8+ Bxc8 22. Bd4 Bb4 23. Nb1 Bb7 24. exd5 Bxd5 25. Bxb6 Bxg2 26. Kxg2 axb6 27. Kf1 Kf8 28. Ke2 Ke7 29. a3 Bc5 30. b4 Bd4 31. f4 Kd7 32. Kd3 Bg1 33. Ke2 h5 34. h3 Kc6 35.
Nc3 Bd4 36. Nd1 Kd5 37. Kd3 g6 38. h4 Bg1 39. Nc3+ Kc6 40. Ne4 Kd5 41. Nc3+ Kc6 42.
Ne4 Kd5 0-1

[Event "*** Titled Tuesday 3|2 Blitz"]
[Site "Chess.com"]
[Date "2016.06.07"]
[Round "2"]
[White "ZEN-22"]
[Black "kikydu96"]
[Result "1-0"]
[WhiteElo "2411"]
[BlackElo "2397"]
[TimeControl "180+2"]
[EndTime "17:21:44 PDT"]
[Termination "ZEN-22 won by checkmate"]

1. e3 e5 2. Ne2 d5 3. d4 Nc6 4. c4 Nf6 5. cxd5 Nxd5 6. e4 Nf6 7.
d5 Bb4+ 8. Nbc3 Ne7 9. Qa4+ Nc6 10. dxc6 Bxc3+ 11. Nxc3 O-O 12. Bg5 bxc6 13. Rd1 Qe7 14.
Be2 h6 15. Be3 Be6 16. O-O Rab8 17. b3 Rb4 18. Qxa7 Nxe4 19. Nxe4 Rxe4 20. Bc5 Qg5 21. Bd3 Rg4 22. g3 Re8 23. Be3 Qh5 24. Be2 Rxg3+ 25. fxg3 Qxe2 26. Rde1 Qg4 27. Qxc7 Bd5 28. Bb6 h5 29.
Rxe5 Rc8 30. Rg5 Qh3 31. Rxd5 Rxc7 32. Rd8+ Kh7 33. Bxc7 Qe6 34. Bf4 c5 35. Rd2 c4 36.
bxc4 Qxc4 37. Rdf2 f6 38. h4 Qa4 39. Kh2 Qc4 40. Re1 Qa4 41. Re7 Kg6 42. Rd2 Qb4 43. Red7 Qe4 44. R7d4 Qf3 45. a4 Kf5 46. a5 g5 47.
hxg5 fxg5 48. Rd5+ Kf6 49. Bxg5+ Kg6 50. Bh4 Qa3 51.
a6 Qe3 52. Rd6+ Kf5 53. Rd7 Qa3 54. a7 Kg4 55. Rg7+ Kf3 56. Rf7+ Ke3 57. Rg2 Qa1 58. Re7+ Kf3 59. Rge2 Kg4 60. R2e4+ Kf5 61. R4e5+ Kg4 62. Rg7+ Kf3 63. Rf7+ Kg4 64. Rf4# 1-0